 Dungeon Crawl Stone Soup version 0.29-a0-730-g5686a2c4f1 (webtiles) character file.

Game seed: 17299840865266858018

15528 bande the Cleaver (level 12, -8/74 HPs)
             Began as a Gargoyle Fighter on June 29, 2022.
             Was a High Priest of Okawaru.
             Mangled by Sonja
             ... wielding a +2 short sword of distortion
              (11 damage)
             ... on level 3 of the Lair of Beasts.
             The game lasted 00:32:11 (12509 turns).

bande the Cleaver (Gargoyle Fighter)               Turns: 12509, Time: 00:32:12

Health: -8/74      AC: 34    Str: 21    XL:     12   Next: 28%
Magic:  0/17       EV:  7    Int:  9    God:    Okawaru [*****.]
Gold:   646        SH:  7    Dex: 19    Spells: 11/11 levels left

rFire   + + .      SeeInvis .   a - +1 war axe (vamp)
rCold   . . .      Faith    .   c - +0 buckler
rNeg    + + .      Spirit   +   x - +3 chain mail
rPois   ∞          Reflect  .   H - +0 helmet
rElec   +          Harm     .   l - +1 cloak
rCorr   .          Rampage  .   I - +2 pair of gloves of Experimentation {rF++ rN+}
Will    .....                   (no boots)
Stlth   ..........              y - amulet of guardian spirit
HPRegen 0.22/turn               g - +4 ring of protection
MPRegen 0.15/turn               w - +6 ring of dexterity

@: no status effects
A: sickness immunity, AC +8, negative energy resistance 1, electricity
resistance, torment resistance 1, petrification resistance
a: Renounce Religion, Heroism, Finesse, Duel


You were on level 3 of the Lair of Beasts.
You worshipped Okawaru.
Okawaru was extremely pleased with you.
You visited 3 branches of the dungeon, and saw 14 of its levels.
You also visited: Sewer.

You collected 646 gold pieces.

Inventory:

Hand Weapons
 a - a +1 vampiric war axe (weapon)
 h - a +0 war axe
 A - a +0 morningstar of protection
 E - the +3 broad axe of Defiance {freeze, *Rage rF- Str+8 Int+5}
   (Okawaru gifted it to you on level 1 of the Lair of Beasts)

   It freezes those it strikes, dealing additional cold damage.
   It can also slow down cold-blooded creatures.
   Str:       It affects your strength (+8).
   Int:       It affects your intelligence (+5).
   rF:        It makes you vulnerable to fire.
   *Rage:     It berserks you when you make melee attacks (+20% chance).
Armour
 c - a +0 buckler (worn)
 l - a +1 cloak (worn)
 x - a +3 chain mail (worn)
 B - a +1 scale mail of cold resistance
 H - a +0 helmet (worn)
 I - the +2 pair of gloves of Experimentation (worn) {rF++ rN+}
   (Okawaru gifted it to you on level 1 of the Lair of Beasts)

   rF:        It greatly protects you from fire.
   rN:        It protects you from negative energy.
Jewellery
 g - a +4 ring of protection (left hand)
 q - an amulet of reflection
 r - an amulet of the acrobat
 w - a +6 ring of dexterity (right hand)
 y - an amulet of guardian spirit (around neck)
Wands
 j - a wand of iceblast (9)
 v - a wand of polymorph (7)
 D - a wand of flame (20)
Scrolls
 d - 3 scrolls of fear
 f - 5 scrolls of teleportation
 i - 2 scrolls of blinking
 p - a scroll of poison
 z - a scroll of amnesia
 G - a scroll of magic mapping
Potions
 b - 3 potions of resistance
 e - a potion of berserk rage
 k - 2 potions of cancellation
 m - 2 potions of haste {unknown}
 n - a potion of attraction {unknown}
 o - 3 potions of curing
 s - 3 potions of mutation {unknown}
 C - 2 potions of flight {unknown}
 F - a potion of ambrosia {unknown}


   Skills:
 + Level 8.2 Fighting
 + Level 11.3 Axes
 + Level 8.7 Armour
 + Level 8.1 Shields
 * Level 7.5 Invocations
 * Level 6.4 Evocations


You had 11 spell levels left.
You didn't know any spells.
Your spell library contained the following spells:

 Spells                   Type           Power      Damage    Failure   Level
 Apportation              Tloc           0%         N/A       98%         1
 Beastly Appendage        Tmut           0%         N/A       98%         1
 Wereblood                Tmut           0%         N/A       99%         2
 Spider Form              Tmut/Pois      0%         N/A       100%        3
 Stone Arrow              Conj/Erth      0%         3d7       100%        3
 Hailstorm                Conj/Ice       0%         3d3       100%        4
 Ice Form                 Ice/Tmut       0%         N/A       100%        4
 Alistair's Intoxication  Tmut/Pois      0%         N/A       100%        5
 Lehudib's Crystal Spear  Conj/Erth      0%         10d2      100%        8
 Animate Armour           Summ/Erth      Unusable   N/A       N/A         4
 Simulacrum               Ice/Necr       Unusable   N/A       N/A         6

Dungeon Overview and Level Annotations

Branches:
Dungeon (10/15)            Temple (1/1) D:5            Lair (3/6) D:8
  Sewer (visited)
  Swamp: Lair:2-4    Shoals: Lair:2-4     Snake: Lair:2-4    Spider: Lair:2-4
    Orc: D:9-12

Altars:
Ashenzari
Cheibriados
Dithmenos
Fedhas
Gozag
Hepliaklqana
Kikubaaqudgha
Makhleb
Nemelex Xobeh
Okawaru
Qazlal
Ru
Sif Muna
Uskayaw
Vehumet
Wu Jian
Xom
Yredelemnul
Zin
The Shining One

Shops:
D:5 (

Annotations:
Lair:3 Sonja


Innate Abilities, Weirdness & Mutations

You are immune to sickness and miasma.
Your stone body is resilient. (AC +8)
You are immune to poison.
You resist negative energy. (rN+)
You are resistant to electric shocks. (rElec)
You are resistant to unholy torment.
You are immune to petrification.


Message History

The curare-tipped dart completely misses you.
The curare-tipped dart closely misses the cane toad.
You closely miss Sonja. Sonja completely misses you. You block Sonja's attack.
Sonja hits you but does no damage. Space warps around you.
You completely miss Sonja. Sonja hits you but does no damage.
Space warps around you. Sonja hits you but does no damage.
Space warps horribly around you!
Sonja hits you with a +2 short sword of distortion.
Space warps horribly around you! You block Sonja's attack.
Sonja hits you but does no damage.
You blink.
Sonja throws a curare-tipped dart.
The curare-tipped dart hits you. You block the cane toad's attack.
Sonja casts a spell.
Sonja blinks!
The cane toad stings you but does no damage.
The cane toad stings you but does no damage.
You hit the cane toad.
You feel better.
The cane toad is lightly wounded.
The cane toad stings you!
Sonja throws a curare-tipped dart.
You block the curare-tipped dart.
You hit the cane toad but do no damage.
The cane toad is lightly wounded.
The cane toad stings you but does no damage.
Sonja throws a curare-tipped dart.
The curare-tipped dart hits you.
You hit the cane toad but do no damage.
The cane toad is lightly wounded.
The cane toad stings you but does no damage.
Sonja throws a curare-tipped dart.
The curare-tipped dart completely misses you.
Sonja throws a curare-tipped dart.
The curare-tipped dart hits you. The cane toad stings you.
Sonja hits you with a +2 short sword of distortion.
* * * LOW HITPOINT WARNING * * *
Space warps horribly around you!!
* * * LOW HITPOINT WARNING * * *
You block Sonja's attack.
Sonja hits you with a +2 short sword of distortion.
* * * LOW HITPOINT WARNING * * *
Space warps horribly around you!
You die...

...............## ......
#...............##......
#####..................#
#.##................P
###.#.....).....##!##
..#......†.....#
.......#.........###
.......P...........##
.............K@.....##
...............F.....###
.........##............#
.......##..........#.##
...... #...........##
... ##..........# ..
#.#..........
#.<.........#.#
##..........# #


You could see a cane toad and Sonja.

Vanquished Creatures
  Amaemon (Lair:2)
  Pikel (D:7)
  An ugly thing (D:10)
  3 elephants (Lair:1)
  2 black mambas
  An orange demon (Lair:2)
  6 cane toads
  6 komodo dragons
  Prince Ribbit (D:7)
  A hornet (D:9)
  Sigmund (D:3)
  2 wyverns
  A basilisk (Lair:3)
  13 yaks
  A steam dragon (D:7)
  8 water moccasins
  An ice beast (D:7)
  3 orc warriors
  2 black bears
  3 ogres
  4 centaurs
  6 wolves
  A kobold brigand (D:8)
  A lemure (D:7)
  Blork the orc (D:4)
  7 bullfrogs
  A gnoll sergeant (D:8)
  A necrophage (D:6)
  18 wights
  18 killer bees
  4 jellies
  2 orc priests
  6 hounds
  A gnoll shaman (D:9)
  Ijyb (D:4)
  7 iguanas
  5 orc wizards
  12 gnolls
  6 adders
  5 white imps
  3 ufetubi
  5 worms
  3 dart slugs
  29 orcs
  8 ball pythons
  3 bats
  11 endoplasms
  3 giant cockroaches
  7 hobgoblins
  5 jackals
  2 quokkas
  2 frilled lizards
  6 goblins
  10 kobolds
  5 rats
267 creatures vanquished.

Vanquished Creatures (others)
  2 fungi (Lair:1)
  26 plants
28 creatures vanquished.

Grand Total: 295 creatures vanquished

Notes
Turn   | Place    | Note
-------+----------+-------------------------------------------
     0 | D:1      | bande the Gargoyle Fighter began the quest for the Orb.
     0 | D:1      | Reached XP level 1. HP: 14/14 MP: 1/1
    64 | D:1      | Reached XP level 2. HP: 15/19 MP: 2/2
    72 | D:1      | Reached skill level 2 in Axes
   356 | D:1      | Reached XP level 3. HP: 19/23 MP: 3/3
  1415 | D:3      | Reached XP level 4. HP: 21/28 MP: 4/4
  1441 | D:3      | Found a glowing drain.
  1445 | Sewer    | Entered a sewer
  1532 | Sewer    | Noticed a water moccasin
  1542 | Sewer    | Killed a water moccasin
  1543 | Sewer    | Reached skill level 3 in Axes
  1543 | Sewer    | Reached XP level 5. HP: 33/33 MP: 5/5
  1832 | D:3      | Reached skill level 4 in Axes
  1930 | D:3      | Reached XP level 6. HP: 37/38 MP: 6/6
  2194 | D:3      | Noticed Sigmund
  2201 | D:3      | Killed Sigmund
  2330 | D:4      | Reached skill level 5 in Axes
  2438 | D:4      | Reached XP level 7. HP: 44/44 MP: 7/7
  2802 | D:4      | Noticed Ijyb
  2826 | D:4      | Killed Ijyb
  2876 | D:4      | Noticed Blork the orc
  2884 | D:4      | Killed Blork the orc
  3230 | D:5      | Entered Level 5 of the Dungeon
  3343 | D:5      | Reached skill level 6 in Axes
  3343 | D:5      | Reached skill level 5 in Armour
  3343 | D:5      | Reached skill level 5 in Shields
  3343 | D:5      | Reached XP level 8. HP: 48/48 MP: 8/8
  3584 | D:5      | Reached skill level 1 in Evocations
  3717 | D:5      | Found a staircase to the Ecumenical Temple.
  3765 | Temple   | Entered the Ecumenical Temple
  3842 | Temple   | Became a worshipper of Warmaster Okawaru
  3914 | D:5      | Reached skill level 5 in Fighting
  3928 | D:5      | Found Upheerr's Antique Weapon Shoppe.
  4033 | D:5      | Reached skill level 1 in Invocations
  4673 | D:6      | Reached skill level 7 in Axes
  4879 | D:6      | Reached * piety under Okawaru
  4911 | D:6      | Reached XP level 9. HP: 54/54 MP: 10/10
  5571 | D:7      | Noticed Prince Ribbit
  5778 | D:7      | Killed Prince Ribbit
  5925 | D:6      | Reached ** piety under Okawaru
  6052 | D:7      | Found a shimmering altar of Xom.
  6104 | D:7      | Noticed Pikel
  6127 | D:7      | Killed Pikel
  6128 | D:7      | Reached skill level 8 in Axes
  6534 | D:7      | Reached *** piety under Okawaru
  6539 | D:7      | Reached XP level 10. HP: 53/60 MP: 10/12
  7112 | D:8      | You fall into a shaft and drop 2 floors!
  7112 | D:10     | Entered Level 10 of the Dungeon
  7118 | D:10     | Noticed a brown ugly thing
  7151 | D:10     | Killed a brown ugly thing
  7151 | D:10     | Reached **** piety under Okawaru
  7152 | D:10     | Reached skill level 9 in Axes
  7817 | D:9      | Reached skill level 5 in Invocations
  8138 | D:8      | Reached ***** piety under Okawaru
  8751 | D:8      | Found a staircase to the Lair.
  8859 | D:8      | Reached XP level 11. HP: 62/67 MP: 13/15
  9113 | Lair:1   | Entered Level 1 of the Lair of Beasts
  9134 | Lair:1   | Reached skill level 5 in Evocations
  9208 | Lair:1   | Identified the +3 broad axe of Defiance {freeze, *Rage rF-
                  | Str+8 Int+5} (Okawaru gifted it to you on level 1 of the
                  | Lair of Beasts)
  9208 | Lair:1   | Received a gift from Okawaru
  9209 | Lair:1   | Reached skill level 10 in Axes
  9743 | Lair:1   | Identified the +2 pair of gloves of Experimentation {rF++
                  | rN+} (Okawaru gifted it to you on level 1 of the Lair of
                  | Beasts)
  9743 | Lair:1   | Received a gift from Okawaru
 11311 | Lair:2   | Reached skill level 11 in Axes
 11319 | Lair:2   | Reached XP level 12. HP: 73/73 MP: 17/17
 11660 | Lair:2   | Noticed Amaemon
 11704 | Lair:2   | Killed Amaemon
 12459 | Lair:3   | Upgraded the game from 0.29-a0-723-gce39da1c22 to
                  | 0.29-a0-730-g5686a2c4f1
 12476 | Lair:3   | Noticed Sonja
 12509 | Lair:3   | HP: 3/74 [Sonja/+2 short sword of distortion (2)]
 12509 | Lair:3   | Mangled by Sonja

Illustrated notes

Levels and vault maps discovered:
D:1:      ncdulo_smallfort, layout_rooms, serial_forest, infiniplex_forest_pool,
          infiniplex_forest_clump_small, infiniplex_forest_clump_tiny,
          infiniplex_forest_lined_2
D:2:      layout_rooms
D:3:      layout_rooms, gup_sewer_entry_spiral, uniq_sigmund
D:4:      layout_loops_ring, corexii_shack, kennysheep_small_spiral,
          minmay_misc_feat_nine_boxes, uniq_blork_the_orc, uniq_ijyb
D:5:      layout_basic, minmay_temple_entry_gardened_gates, serial_shops,
          nicolae_square_shop, small_statue_alley_b
D:6:      layout_basic
D:7:      layout_cave_pools, mainiacjoe_overflow_24_doors, serial_column_ruins,
          column_ruins_hut_pillars, column_ruins_square_small,
          column_ruins_corridor_straight, column_ruins_open_tiny,
          column_ruins_columns_straight, column_ruins_grid_3,
          column_ruins_corridor_straight, column_ruins_columns_corner,
          column_ruins_open_tiny, uniq_pikel, uniq_prince_ribbit1
D:8:      layout_cave_pools, david_lair_shrubbed, minmay_liquid_box,
          kennysheep_generic_room_5
D:9:      minmay_blocky_corners, layout_long_grid, mainiacjoe_overflow_two_lobes
D:10:     layout_loops_ring, kennysheep_orc_monster_closet_entryway, minivault_8
Temple:   compressed_dpeg_triangle_lava_temple
Lair:1:   layout_layer_cave, portal_ice_cave_entry_pillars_1,
          cheibrodos_lair_reptile_den
Lair:2:   layout_gridlike, uniq_amaemon
Lair:3:   layout_hall_layers, guppyfry_snake_entry_garden, uniq_sonja

Skill      XL: |  1  2  3  4  5  6  7  8  9 10 11 12 |
---------------+-------------------------------------+-----
Axes           | 2 3 4 5 6 7 8 9 11 | 11.3
Fighting       | 4 5 6 7 8 |  8.2
Shields        | 4 5 6 7 8 |  8.1
Armour         | 4 5 6 7 8 |  8.7
Evocations     | 2 3 4 6 |  6.4
Invocations    | 2 3 5 7 |  7.5

Action                   |  1- 3 |  4- 6 |  7- 9 | 10-12 || total
-------------------------+-------+-------+-------+-------++-------
Melee: War axe           |   136 |   103 |   417 |   611 ||  1267
       Broad axe         |       |       |       |     7 ||     7
  Use: Scroll            |     6 |     3 |     2 |     4 ||    15
       Potion            |       |     1 |       |     2 ||     3
Armor: Scale mail        |    31 |       |       |       ||    31
       Plate armour      |    56 |    81 |    89 |       ||   226
       Chain mail        |       |       |   234 |   662 ||   896
Dodge: Dodged            |    31 |    28 |   138 |   300 ||   497
Block: Buckler           |    30 |    31 |   214 |   274 ||   549

Table legend: (Time is in decaauts)
 A = Elapsed time spent in this place.
 B = Non-inter-level travel time spent in this place.
 C = Inter-level travel time spent in this place.
 D = Time resting spent in this place.
 E = Time spent auto-exploring this place.
 F = Levels seen in this place.
 G = Mean time per level.
                   A        B        C        D        E       F      G
               +--------+--------+--------+--------+--------+-----+--------+
         Total |  12783 |  12597 |    186 |   2720 |   6598 |  15 |  852.2 |
       Dungeon |   9078 |   8900 |    178 |   1868 |   4583 |  10 |  907.8 |
        Temple |     98 |     98 |      0 |      0 |      0 |   1 |   98.0 |
          Lair |   3403 |   3395 |      8 |    852 |   1864 |   3 | 1134.3 |
         Sewer |    202 |    202 |      0 |      0 |    150 |   1 |  202.0 |
               +--------+--------+--------+--------+--------+-----+--------+

Top non-repeatable levels by time:
  Lair:1: 1959 daAuts
     D:6: 1461 daAuts
  Lair:2: 1310 daAuts
     D:8: 1287 daAuts
     D:5: 1241 daAuts
     D:4: 995 daAuts
     D:7: 937 daAuts
     D:3: 794 daAuts
     D:2: 766 daAuts
    D:10: 655 daAuts
     D:1: 638 daAuts
     D:9: 300 daAuts
   Sewer: 202 daAuts
  Lair:3: 133 daAuts
  Temple: 98 daAuts
